 Dungeon Crawl Stone Soup version 0.26-a0-639-g72c4674329 (webtiles) character file.

Game seed: 844168708866610553

108 Lanoc the Conjurer (level 4, -1/33 HPs)
             Began as a Draconian Conjurer on Sept 26, 2020.
             Was a Follower of Dithmenos.
             Killed from afar by Ijyb (15 damage)
             ... with a puff of flame
             ... on level 3 of the Dungeon.
             The game lasted 00:04:14 (1580 turns).

Lanoc the Conjurer (Draconian Conjurer)             Turns: 1580, Time: 00:04:14

Health: -1/33      AC:  5    Str: 10    XL:     4   Next: 58%
Magic:  0/7        EV: 12    Int: 19    God:    Dithmenos [*.....]
Gold:   78         SH:  0    Dex:  9    Spells: 4/7 levels left

rFire    x . .     SeeInvis .   l - +1 dagger (pain)
rCold    + . .     Faith    .   (no shield)
rNeg     . . .     Spirit   .   (armour unavailable)
rPois    .         Reflect  .   (helmet restricted)
rElec    .         Harm     .   (no cloak)
rCorr    .         Rampage  .   (no gloves)
MR       .....                  (no boots)
Stlth    ++........             f - amulet of regeneration
HPRegen  0.51/turn              j - ring of flight
MPRegen  0.10/turn              k - ring of ice

@: wreathed by umbra
A: unfitting armour, cold-blooded, AC +5
a: Renounce Religion, Evoke Flight


You were on level 3 of the Dungeon.
You worshipped Dithmenos.
Dithmenos was aware of your devotion.
You visited 1 branch of the dungeon, and saw 3 of its levels.

You collected 78 gold pieces.

Inventory:

Hand Weapons
 l - a +1 dagger of pain (weapon)
Jewellery
 f - an amulet of regeneration (around neck)
 j - a ring of flight (left hand)
 k - a ring of ice (right hand)
Scrolls
 a - 4 scrolls of identify {unknown}
 d - a scroll of magic mapping {unknown}
 e - a scroll of enchant armour {unknown}
 i - a scroll of noise {unknown}
Potions
 c - a potion of heal wounds {unknown}
 g - a potion of brilliance {unknown}
 h - 2 potions of mutation {unknown}


   Skills:
 + Level 2.9 Dodging
 - Level 1.7 Stealth
 - Level 2.0 Spellcasting
 * Level 5.4 Conjurations


You had 4 spell levels left.
You knew the following spells:

 Your Spells              Type           Power        Failure   Level
a - Magic Dart            Conj           ###.         1%          1
b - Searing Ray           Conj           ###...       2%          2

Your spell library contained the following spells:

 Spells                   Type           Power        Failure   Level
 Dazzling Flash           Conj/Hex       ##....       17%         3
 Fulminant Prism          Conj/Hex       ##........   50%         4
 Iskenderun's Mystic Bla  Conj/Tloc      ##......     50%         4


Dungeon Overview and Level Annotations

Branches:
Dungeon (3/15)

Altars:
Dithmenos

Annotations:
D:3 Ijyb


Innate Abilities, Weirdness & Mutations

Your plain brown scales are hard. (AC +5)
You cannot fit into any form of body armour.
You are cold-blooded and may be slowed by cold attacks.


Message History

Aim: Ijyb, wielding a -1 club, wearing a +0 leather armour and carrying a wand of flame (24) (severely wounded)
The magic dart hits Ijyb but does no damage.
Ijyb is severely wounded.
Casting: Magic Dart (safe; 1% risk of failure)
Confirm with . or Enter, or press ? or * to list all spells.
Aiming: Magic Dart (safe; 1% risk of failure)
Press: ? - help, Shift-Dir - straight line, f/p - Ijyb
Aim: Ijyb, wielding a -1 club, wearing a +0 leather armour and carrying a wand of flame (24) (severely wounded, umbra)
The magic dart hits Ijyb but does no damage.
Ijyb is severely wounded.
You closely miss Ijyb.
Ijyb is severely wounded.
Ijyb hits you but does no damage.
You miss Ijyb.
Ijyb is severely wounded.
Ijyb completely misses you.
You closely miss Ijyb.
Ijyb is severely wounded.
Ijyb zaps a wand.
The puff of flame hits you! The fire burns you terribly!
You die...

#...# #..(
##... ....
#..# ..#
#g# # ##@##
#.###...###
#..<......#
#####...###
........
######.##
.# #


You could see Ijyb.

Vanquished Creatures
  4 gnolls (D:2)
  3 adders (D:2)
  2 worms (D:2)
  A dart slug (D:2)
  A leopard gecko (D:1)
  An orc (D:3)
  5 bats
  A giant cockroach (D:2)
  2 goblins
  A hobgoblin (D:1)
  4 jackals (D:1)
  4 kobolds
  A quokka (D:2)
  A ball python (D:2)
  4 rats
35 creatures vanquished.

Notes
Turn   | Place    | Note
-------+----------+-------------------------------------------
     0 | D:1      | Lanoc the Draconian Conjurer began the quest for the Orb.
     0 | D:1      | Reached XP level 1. HP: 14/14 MP: 3/3
    94 | D:1      | Reached XP level 2. HP: 6/20 MP: 0/5
   812 | D:2      | Found a faded altar of an unknown god.
   822 | D:2      | Became a worshipper of Dithmenos the Shadowed
   822 | D:2      | Reached * piety under Dithmenos
   844 | D:2      | Reached XP level 3. HP: 26/26 MP: 1/6
   890 | D:2      | Learned a level 2 spell: Searing Ray
  1126 | D:2      | Reached skill level 5 in Conjurations
  1501 | D:2      | Reached XP level 4. HP: 33/33 MP: 3/7
  1570 | D:3      | Noticed Ijyb
  1580 | D:3      | Killed from afar by Ijyb

Illustrated notes

Levels and vault maps discovered:
D:1:      lightli_arrival_statue_moat, layout_rooms, interstate_on_off,
          nrook_mini_vaults
D:2:      layout_basic, amethyst_overflow_temple_binary,
          chequers_ecumenical_altar_island, minmay_hedge_maze,
          mrwooster_statue_mirror, minmay_heptomino_w4
D:3:      layout_loops_ring, nicolae_overflow_crystal_walls, marbit_many_paths,
          fedhas_altar_1, grunt_temple_overflow_cloverleaf, uniq_ijyb

Skill      XL: |  1  2  3 |
---------------+----------+-----
Dodging        | 2 |  2.9
Conjurations   | 5 |  5.4
Stealth        | |  1.7
Spellcasting   | |  2.0

Action                   |  1- 3 |  4- 6 || total
-------------------------+-------+-------++-------
Melee: Unarmed           |    17 |       ||    17
       Dagger            |    29 |     8 ||    37
       Tailslap          |     2 |     2 ||     4
 Cast: Magic Dart        |    58 |     2 ||    60
       Searing Ray       |     8 |     1 ||     9
Armor: Skin              |    37 |     1 ||    38
Dodge: Dodged            |    66 |     2 ||    68

Table legend: (Time is in decaauts)
 A = Elapsed time spent in this place.
 B = Non-inter-level travel time spent in this place.
 C = Inter-level travel time spent in this place.
 D = Time resting spent in this place.
 E = Time spent auto-exploring this place.
 F = Levels seen in this place.
 G = Mean time per level.
                   A        B        C        D        E       F      G
               +--------+--------+--------+--------+--------+-----+--------+
         Total |   1581 |   1579 |      2 |      0 |   1094 |   3 |  527.0 |
       Dungeon |   1581 |   1579 |      2 |      0 |   1094 |   3 |  527.0 |
               +--------+--------+--------+--------+--------+-----+--------+

Top non-repeatable levels by time:
     D:2: 889 daAuts
     D:1: 639 daAuts
     D:3: 52 daAuts
